 Dungeon Crawl Stone Soup version 0.23-a0-33-g1e3a2e4e2f (webtiles) character file.

282 Flugkiller the Caller (level 6, -1/41 HPs)
             Began as a Mummy Summoner on Aug 5, 2018.
             Was an Initiate of Gozag.
             Slain by Sigmund
             ... wielding a +2 scythe of venom
              (16 damage)
             ... on level 4 of the Dungeon.
             The game lasted 00:07:24 (5198 turns).

Flugkiller the Caller (Mummy Summoner)              Turns: 5198, Time: 00:07:25

Health: -1/41      AC:  3    Str: 15    XL:     6   Next: 6%
Magic:  6/12       EV: 12    Int: 23    God:    Gozag
Gold:   400        SH:  0    Dex: 13    Spells: 3/13 levels left

rFire    x . .     SeeInvis .   o - +1 mace "Axtulul" {venom, rC+ Str+4 Int+4}
rCold    + + .     Gourm    .   (no shield)
rNeg     + + +     Faith    .   m - +0 leather armour
rPois    ∞         Spirit   .   (no helmet)
rElec    .         Reflect  .   (no cloak)
rCorr    .         Harm     .   (no gloves)
MR       .....                  (no boots)
Stlth    ++........             e - amulet of the acrobat
HPRegen  0.13/turn              h - +3 ring of intelligence
MPRegen  0.13/turn              (no ring)

@: very slightly contaminated
A: no food or potions, fire vulnerability, cold resistance 1, negative energy
resistance 3, torment resistance, unbreathing
a: Potion Petition, Call Merchant, Bribe Branch, Renounce Religion


You were on level 4 of the Dungeon.
You worshipped Gozag.
Gozag was aware of your devotion.
You were not hungry.

You visited 1 branch of the dungeon, and saw 4 of its levels.
You also visited: Ossuary.

You collected 435 gold pieces.
You paid 35 gold pieces to Gozag.

Inventory:

Hand Weapons
 b - a +0 club
 c - a +2 dagger of freezing
 o - the +1 mace "Axtulul" (weapon) {venom, rC+ Str+4 Int+4}
   (You found it on level 4 of the Dungeon)

   It poisons the flesh of those it strikes.
   It affects your strength (+4).
   It affects your intelligence (+4).
   It protects you from cold.
Armour
 a - a +0 robe
 m - a +0 leather armour (worn)
Jewellery
 e - an amulet of the acrobat (around neck)
 f - an uncursed amulet of magic regeneration {unknown}
 h - a +3 ring of intelligence (left hand)
Wands
 n - a wand of iceblast (11)
Scrolls
 d - 3 scrolls of remove curse
 g - a scroll of immolation
 i - a scroll of teleportation {unknown}
 j - 2 scrolls of fog
 k - a scroll of fear {unknown}
 l - a scroll of identify


   Skills:
 - Level 1.5 Dodging
 - Level 1.5 Stealth
 - Level 4.0 Spellcasting
 + Level 5.0 Summonings
 + Level 2.4 Ice Magic


You had 3 spell levels left.
You knew the following spells:

 Your Spells              Type           Power        Failure   Level  Hunger
a - Summon Small Mammal   Summ           ####         1%          1    N/A
b - Call Imp              Summ           ####....     2%          2    N/A
c - Call Canine Familiar  Summ           ####....     4%          3    N/A
d - Summon Ice Beast      Ice/Summ       ###.....     28%         4    N/A

Your spell library contained the following spells:

 Spells                   Type           Power        Failure   Level  Hunger
 Summon Lightning Spire   Summ/Air       ###.....     41%         4    N/A
 Summon Guardian Golem    Hex/Summ       ###.....     14%         3    N/A

Dungeon Overview and Level Annotations

Branches:
Dungeon (4/15)
 Temple: D:4-7

Altars:
Gozag

Annotations:
D:3 1 runed door, nocturnal's ghost, amateur DsGl
D:4 Sigmund


Innate Abilities, Weirdness & Mutations

You do not eat or drink.
Your flesh is vulnerable to fire.
You are immune to poison.
Your flesh is cold resistant. (rC+)
You are immune to negative energy. (rN+++)
You are immune to unholy pain and torment.
You can survive without breathing.


Message History

The magic dart hits your hound.
Your hound closely misses something.
Something hits your hound!
Your hound is poisoned.
Your hound bites something.
Your hound bites something.
Your hound bites something.
Your hound misses something. Something misses you.
Your hound completely misses something.
You miss something.
Your hound dies!
Your hound's corpse disappears in a puff of smoke!
Something hits you.
You hear some strange, mumbled words.
Something tries to affect you, but you resist.
You hit something. Something hits you.
You miss something. Something hits you! x2
Casting: Call Imp (safe; 2% risk of failure)
Confirm with . or Enter, or press ? or * to list all spells.
Something hits you!
You die...
Your body crumbles into a pile of gold.

.# #...#...# #. #####.#.#
######### ##. #.......#
#...#...# ....####.......
#.>.#...# ...........#..#
##...#...## .....#.#.#.#..#
#'#######'#
#....[...#.#..####.#######.#
#..........h..##............
..........{@..##.###########
####.#######..#...## #
#.......#######
#.............#
#.#.....#####.# #.##...####
#.# #.###.....###.###
#.#...%........##
###.#.#####.###..##


You could see a friendly hound.

Vanquished Creatures
  A worker ant (D:4)
  A mummy (Ossuary)
  2 adders
  6 adder zombies (Ossuary)
  An orc (D:3)
  3 bats
  A giant cockroach (D:2)
  A gnoll zombie (Ossuary)
  4 goblins
  2 hobgoblins
  3 quokkas
  2 ball pythons
  3 frilled lizards
  2 hobgoblin zombies (Ossuary)
  A kobold (D:1)
  A kobold zombie (Ossuary)
  4 orc zombies (Ossuary)
  8 rats
46 creatures vanquished.

Vanquished Creatures (collateral kills)
  An ogre (D:4)
  A water moccasin zombie (Ossuary)
  A bullfrog skeleton (D:4)
  A worker ant (D:4)
  A big kobold zombie (Ossuary)
  A hound zombie (D:2)
  A mummy (Ossuary)
  4 gnolls (D:3)
  2 adder zombies (Ossuary)
  3 worms
  A dart slug (D:4)
  A leopard gecko (D:4)
  2 bats (D:1)
  A gnoll zombie (Ossuary)
  2 goblins
  2 quokkas (D:2)
  A hobgoblin zombie (Ossuary)
  A kobold (D:1)
  4 kobold zombies (Ossuary)
  3 orc zombies (Ossuary)
34 creatures vanquished.

Grand Total: 80 creatures vanquished

Notes
Turn   | Place    | Note
-------+----------+-------------------------------------------
     0 | D:1      | Flugkiller the Mummy Summoner began the quest for the Orb.
     0 | D:1      | Reached XP level 1. HP: 13/13 MP: 4/4
   689 | D:1      | Reached XP level 2. HP: 15/19 MP: 4/6
   712 | D:1      | Learned a level 2 spell: Call Imp
  1859 | D:2      | Reached XP level 3. HP: 14/24 MP: 4/8
  2526 | D:2      | Learned a level 3 spell: Call Canine Familiar
  2771 | D:3      | Reached skill level 4 in Summonings
  2800 | D:3      | Reached XP level 4. HP: 30/30 MP: 2/10
  2889 | D:3      | Learned a level 4 spell: Summon Ice Beast
  3032 | D:3      | Found a runed door.
  3032 | D:3      | Noticed an ice beast
  3032 | D:3      | Noticed nocturnal's ghost (amateur DsGl)
  3046 | D:3      | Found an opulent altar of Gozag.
  3057 | D:3      | Became a worshipper of Gozag Ym Sagoz the Greedy
  3631 | D:4      | Reached skill level 1 in Ice Magic
  3953 | D:4      | Found a sand-covered staircase.
  3972 | Ossuary  | Entered an ossuary
  4052 | Ossuary  | Reached XP level 5. HP: 32/35 MP: 7/11
  4901 | D:4      | Noticed an ogre
  4936 | D:4      | Killed an ogre
  4936 | D:4      | Reached skill level 5 in Summonings
  4936 | D:4      | Reached XP level 6. HP: 41/41 MP: 1/12
  5100 | D:4      | Got a brightly glowing mace
  5101 | D:4      | Identified the +1 mace "Axtulul" {venom, rC+ Str+4 Int+4} (You found it on level 4 of the Dungeon)
  5177 | D:4      | Noticed Sigmund
  5198 | D:4      | Slain by Sigmund

Vault maps used:
D:1:      dpeg_arrival_three_smaller_balls
D:3:      grunt_gozag_statues, ebering_ghost_inner_flame, amethyst_killhole,
          minmay_misc_feat_pillars
D:4:      nicolae_ossuary_entry_false_entrances, uniq_sigmund
Ossuary:  ossuary_tomb_2

Skill      XL: |  1  2  3  4  5 |
---------------+----------------+-----
Spellcasting   | 3 4 |  4.0
Summonings     | 4 5 |  5.0
Ice Magic      | 1 2 |  2.4
Dodging        | |  1.5
Stealth        | |  1.5

Action                   |  1- 3 |  4- 6 || total
-------------------------+-------+-------++-------
Melee: Dagger            |    74 |   117 ||   191
       Unarmed           |     6 |       ||     6
       Club              |     3 |       ||     3
       Mace              |       |     7 ||     7
 Cast: Summon Small Mamm |    18 |       ||    18
       Call Imp          |    13 |     7 ||    20
       Call Canine Famil |     3 |    22 ||    25
  Use: Scroll            |       |     4 ||     4
 Stab: Sleeping          |     4 |     2 ||     6
       Distracted        |     1 |     3 ||     4
Armor: Robe              |    23 |    11 ||    34
       Leather armour    |       |     1 ||     1
Dodge: Dodged            |    72 |    70 ||   142

Table legend:
 A = Spawn XP
 B = Non-spawn XP
 C = Spawn XP percentage of total XP
 D = Spawn monster count
 E = Non-spawn monster count
 F = Spawn count percentage of total count
 G = Total turns spent on level
                    A         B        C        D         E        F      G
               +---------+---------+-------+---------+---------+-------+---------
         Total |       0 |     404 |   0.0 |       0 |      80 |   0.0 |  5198
               +---------+---------+-------+---------+---------+-------+---------
           D:1 |       0 |      17 |   0.0 |       0 |      12 |   0.0 |  1405
           D:2 |       0 |      53 |   0.0 |       0 |      19 |   0.0 |  1185
           D:3 |       0 |      41 |   0.0 |       0 |      10 |   0.0 |   902
           D:4 |       0 |     149 |   0.0 |       0 |      10 |   0.0 |   785
       Ossuary |       0 |     144 |   0.0 |       0 |      29 |   0.0 |   921
               +---------+---------+-------+---------+---------+-------+---------
